 Dungeon Crawl Stone Soup version 0.31-a0-844-gdc52ec4e09 (webtiles) character file.

Game seed: 17926030873278043347

20621 CrazyBamboolord the Geomancer (level 12, -1/71 HPs)
             Began as a Gargoyle Earth Elementalist on Sept 28, 2023.
             Was a Believer of Vehumet.
             Slain by an eight-headed hydra (3 damage)
             ... on level 2 of the Lair of Beasts.
             The game lasted 00:32:08 (15959 turns).

CrazyBamboolord the Geomancer (GrEE)               Turns: 15959, Time: 00:32:08

Health: -1/71      AC: 13    Str:  9    XL:     12   Next: 81%
Magic:  2/22       EV: 15    Int: 25    God:    Vehumet [**....]
Gold:   316        SH:  0    Dex: 16    Spells: 15/25 levels left

rFire   + . .        a - +6 dagger (venom)
rCold   . . .        (no shield)
rNeg    + . .        r - +1 robe {Will+}
rPois   ∞            (no helmet)
rElec   +            w - +0 cloak {rCorr}
rCorr   +            k - +0 pair of gloves
SInv    .            (no boots)
Will    +....        N - amulet of Malirgho {Regen+ Str-5 Int+6 Slay+3}
Stlth   +++          B - +6 ring of dexterity
HPRegen 1.11/turn    y - ring of protection from fire
MPRegen 0.18/turn

%: no passive effects
@: brilliant
A: sickness immunity, AC +8, negative energy resistance 1, electricity
resistance, torment resistance 1, petrification resistance
a: Renounce Religion


You were on level 2 of the Lair of Beasts.
You worshipped Vehumet.
Vehumet was pleased with you.
You visited 3 branches of the dungeon, and saw 15 of its levels.
You also visited: Sewer.

You collected 639 gold pieces.
You spent 323 gold pieces at shops.

Inventory:

Hand Weapons
 a - a +6 dagger of venom (weapon)
Armour
 k - a +0 pair of gloves (worn)
 r - a +1 robe of willpower (worn)
 w - a +0 cloak of preservation (worn)
Jewellery
 y - a ring of protection from fire (right hand)
 B - a +6 ring of dexterity (left hand)
 F - a ring of protection from cold
 H - a ring of fire
 M - a ring of positive energy
 N - the amulet of Malirgho (around neck) {Regen+ Str-5 Int+6 Slay+3}
   (You found it on level 1 of the Lair of Beasts)

   [amulet of regeneration]

   Str-5:     It affects your strength (-5).
   Int+6:     It affects your intelligence (+6).
   Slay+3:    It affects your accuracy & damage with ranged weapons and melee
   (+3).
   Regen+:    It increases your rate of health regeneration.
Wands
 i - a wand of flame (57)
 A - a wand of roots (14)
 D - a wand of mindburst (4)
Scrolls
 b - 2 scrolls of noise
 c - 8 scrolls of revelation
 d - 5 scrolls of immolation
 f - a scroll of silence {unknown}
 g - a scroll of vulnerability {unknown}
 h - a scroll of enchant armour {unknown}
 l - 2 scrolls of blinking
 s - 2 scrolls of torment {unknown}
 t - 3 scrolls of amnesia
 u - 2 scrolls of fog {unknown}
 v - 4 scrolls of teleportation
 x - 2 scrolls of poison {unknown}
 J - a scroll of fear {unknown}
Potions
 e - 5 potions of might
 m - a potion of curing
 n - a potion of cancellation {unknown}
 o - 2 potions of mutation
 p - 3 potions of haste
 q - 2 potions of resistance {unknown}
 z - 3 potions of brilliance
 G - a potion of degeneration {unknown}
 K - a potion of attraction {unknown}


   Skills:
 * Level 6.3 Fighting
 * Level 6.1 Dodging
 - Level 4.0 Stealth
 - Level 7.0 Spellcasting
 * Level 11.1 Conjurations
 - Level 4.0 Transmutations
 * Level 7.7 Fire Magic
 * Level 12.9 Earth Magic


You had 15 spell levels left.
You knew the following spells:

 Your Spells              Type           Power      Damage    Failure   Level
a - Sandblast             Erth           100%       2d20      1%          1
b - Passwall              Tmut/Erth      55%        N/A       1%          2
c - Stone Arrow           Conj/Erth      100%       3d13      1%          3
d - Brom's Barrelling Bo  Conj/Erth      81%        2d9       1%          4

Your spell library contained the following spells:

 Spells                   Type           Power      Damage    Failure   Level
 Mephitic Cloud           Conj/Pois/Air  41%        N/A       4%          3
 Kiss of Death            Conj/Necr      100%       2d13      1%          1
 Static Discharge         Conj/Air       100%       2-7/arc   1%          2
 Dazzling Flash           Conj/Hex       100%       N/A       1%          3
 Hailstorm                Conj/Ice       53%        3d12      1%          3
 Petrify                  Tmut/Erth      67%        N/A       1%          4
 Ignite Poison            Fire/Tmut/Pois 42%        N/A       4%          3
 Volatile Blastmotes      Fire/Tloc      84%        2d17      4%          3
 Slow                     Hex            52%        N/A       7%          1
 Borgnjor's Vile Clutch   Necr/Erth      29%        N/A       13%         5
 Confusing Touch          Hex            13%        N/A       21%         3
 Ozocubu's Armour         Ice            13%        N/A       21%         3
 Sigil of Binding         Hex            13%        N/A       21%         3
 Vampiric Draining        Necr           13%        2d6       21%         3
 Starburst                Conj/Fire      35%        6d10      22%         6
 Freezing Cloud           Conj/Ice/Air   20%        6-21      38%         5
 Airstrike                Air            6%         2d(1-17)  54%         4
 Animate Dead             Necr           13%        N/A       54%         4
 Dispel Undead            Necr           13%        3d9       54%         4
 Summon Ice Beast         Ice/Summ       13%        N/A       54%         4
 Summon Lightning Spire   Summ/Air       13%        N/A       54%         4
 Death Channel            Necr           6%         N/A       100%        6
 Simulacrum               Ice/Necr       6%         N/A       100%        6
 Ozocubu's Refrigeration  Ice            6%         4d8       100%        7
 Maxwell's Capacitive Co  Air            6%         ∞         100%        8
 Cigotuvi's Dreadful Rot  Necr/Pois/Air  Unusable   N/A       N/A         2

Dungeon Overview and Level Annotations

Branches:
Dungeon (12/15)            Temple (1/1) D:6            Lair (2/5) D:9
  Sewer (visited)
  Swamp: Lair:2-3    Shoals: Lair:2-3     Snake: Lair:2-3    Spider: Lair:2-3
    Orc: D:9-12

Altars:
Ashenzari
Cheibriados
Dithmenos
Elyvilon
Fedhas
Gozag
Hepliaklqana
Kikubaaqudgha
Makhleb
Nemelex Xobeh
Okawaru
Qazlal
Ru
Sif Muna
Trog
Uskayaw
Vehumet
Wu Jian
Xom
Yredelemnul
Zin
The Shining One

Shops:
D:3 (   D:5 [=   D:8 (


Innate Abilities, Weirdness & Mutations

You are immune to sickness and miasma.
Your stone body is resilient. (AC +8)
You are immune to poison.
You resist negative energy. (rN+)
You are resistant to electric shocks. (rElec)
You are resistant to unholy torment.
You are immune to petrification.


Message History

The grasping roots constrict the eight-headed hydra.
You hear a bellow!
The eight-headed hydra bites you!
* * * LOW HITPOINT WARNING * * *
The eight-headed hydra closely misses you.
The eight-headed hydra misses you.
The eight-headed hydra closely misses you. x2
The eight-headed hydra bites you.
* * * LOW HITPOINT WARNING * * *
The eight-headed hydra barely misses you.
The eight-headed hydra closely misses you.
You feel much better.
The grasping roots constrict the eight-headed hydra!
The roots release their grip on the eight-headed hydra.
The eight-headed hydra bites you.
The eight-headed hydra bites you but does no damage.
The eight-headed hydra barely misses you.
The eight-headed hydra bites you!
The eight-headed hydra bites you but does no damage.
The eight-headed hydra bites you!
The eight-headed hydra barely misses you.
The eight-headed hydra bites you.
* * * LOW HITPOINT WARNING * * *
Unknown command.
Aiming: Fastroot
Press: ? - help, Shift-Dir - straight line The roots erupt in riotous growth!
Roots grab the eight-headed hydra.
The grasping roots constrict the eight-headed hydra.
You hear a roar!
You hear a bellow!
The eight-headed hydra bites you but does no damage.
The eight-headed hydra bites you.
* * * LOW HITPOINT WARNING * * *
The eight-headed hydra misses you. The eight-headed hydra bites you.
* * * LOW HITPOINT WARNING * * *
The eight-headed hydra completely misses you.
The eight-headed hydra bites you!
* * * LOW HITPOINT WARNING * * *
The eight-headed hydra bites you.
You die...

#....#......^# ...#
##..††'.......# ...#
#....P#.......# ..#
#.....#.......##..##
....#♣♣..♣♣♣♣♣♣♣......#
... ♣...~~~~≈≈♣......##
.. ♣♣~~†~≈~≈≈♣.....#.#
♣♣~≈~~~~≈♣♣.......
♣@D.~~~≈♣♣........
♣♣...♣♣♣♣.........
♣♣..§§§♣♣........
♣♣♣♣§§♣♣♣.......
§§♣♣........
§.♣♣....<.. .♣.......#
♣........ ♣........


You could see an eight-headed hydra (rooted).

Vanquished Creatures
  A hydra (D:12)
  Erica (D:8)
  A two-headed ogre (D:9)
  A skyshark (Lair:1)
  An ugly thing (D:11)
  2 manticores (D:12)
  An elephant (Lair:1)
  A cyclops (D:12)
  2 black mambas (Lair:1)
  2 molten gargoyles (D:11)
  Joseph (D:7)
  2 gargoyles (D:10)
  An unseen horror (D:11)
  6 cane toads
  5 komodo dragons
  2 trolls
  A polar bear (Lair:1)
  5 blink frogs
  A slime creature (D:12)
  10 yaks
  6 wyverns
  2 basilisks (Lair:1)
  A steam dragon (Lair:1)
  3 swamp worms (Lair:2)
  10 water moccasins
  2 orc warriors
  A sky beast (D:7)
  An ice beast (D:6)
  4 black bears
  6 wolves
  3 centaurs
  2 ogres
  12 bullfrogs
  4 kobold brigands
  7 scorpions
  15 wights
  4 killer bees (D:9)
  4 howler monkeys
  An electric eel (Lair:1)
  5 lava snakes (D:11)
  3 hounds
  8 orc priests
  A jelly (Sewer)
  A sleepcap (D:6)
  4 iguanas
  9 orc wizards
  3 adders
  2 river rats
  A shadow imp (D:5)
  An ufetubus (D:5)
  2 worms
  2 dart slugs
  24 orcs
  8 ball pythons
  12 endoplasms
  10 giant cockroaches
  9 goblins
  6 hobgoblins
  4 jackals (D:1)
  2 quokkas
  3 bats
  7 frilled lizards
  18 kobolds
  7 rats
287 creatures vanquished.

Vanquished Creatures (collateral kills)
  2 boulders (D:10)
2 creatures vanquished.

Vanquished Creatures (others)
  2 boulders (D:10)
2 creatures vanquished.

Grand Total: 291 creatures vanquished

Notes
Turn   | Place    | Note
-------+----------+-------------------------------------------
     0 | D:1      | CrazyBamboolord the Gargoyle Earth Elementalist began the
                  | quest for the Orb.
     0 | D:1      | Reached XP level 1. HP: 10/10 MP: 3/3
   174 | D:1      | Reached XP level 2. HP: 16/16 MP: 1/5
   473 | D:1      | Reached skill level 1 in Transmutations
   660 | D:1      | Reached skill level 1 in Conjurations
   660 | D:1      | Reached XP level 3. HP: 20/20 MP: 3/6
   905 | D:1      | Reached skill level 1 in Fighting
  1711 | D:3      | Found Tuphy's Weapon Boutique.
  1791 | D:3      | Reached skill level 4 in Earth Magic
  1791 | D:3      | Reached XP level 4. HP: 4/25 MP: 3/7
  1948 | D:3      | Identified the +8 sling of Impatience {heavy, *Slow Str+6
                  | Dex+5}
  1969 | D:3      | Found a faded altar of an unknown god.
  2003 | D:3      | Found an ancient bone altar of Kikubaaqudgha.
  2442 | D:3      | Found a shimmering altar of Xom.
  2451 | D:3      | Found a glowing golden altar of the Shining One.
  2634 | D:3      | Found a shadowy altar of Dithmenos.
  2723 | D:3      | Found a bloodstained altar of Trog.
  2970 | D:4      | Reached XP level 5. HP: 29/29 MP: 1/9
  3221 | D:4      | Noticed an ogre
  3228 | D:4      | Killed an ogre
  3421 | D:4      | Reached XP level 6. HP: 30/35 MP: 5/10
  3655 | D:5      | Entered Level 5 of the Dungeon
  3692 | D:5      | Found a glowing drain.
  3696 | Sewer    | Entered a sewer
  4011 | Sewer    | Found a shimmering altar of Xom.
  4105 | D:5      | Learned a level 2 spell: Passwall
  4109 | D:5      | Learned a level 3 spell: Stone Arrow
  4188 | D:5      | Reached XP level 7. HP: 31/40 MP: 6/12
  4191 | D:5      | Reached skill level 5 in Earth Magic
  4501 | D:5      | Reached XP level 8. HP: 45/45 MP: 10/14
  4630 | D:5      | Found a burning altar of Makhleb.
  4850 | D:5      | Found Zynyrchi's Antique Armour Emporium.
  4878 | D:5      | Bought an embroidered cloak for 202 gold pieces
  4988 | D:5      | Found Feinat's Jewellery Emporium.
  5249 | D:6      | Reached skill level 6 in Earth Magic
  5388 | D:6      | Found a staircase to the Ecumenical Temple.
  5537 | Temple   | Entered the Ecumenical Temple
  5797 | D:6      | Found an iron altar of Okawaru.
  6118 | D:7      | Noticed Joseph
  6133 | D:7      | Killed Joseph
  6134 | D:7      | Reached skill level 5 in Conjurations
  6134 | D:7      | Reached XP level 9. HP: 32/52 MP: 0/16
  6257 | D:7      | Reached skill level 5 in Spellcasting
  6284 | D:7      | Found a broken altar of Ashenzari.
  6330 | D:7      | Found a hide-covered altar of Uskayaw.
  6398 | D:7      | Found a blossoming altar of Fedhas.
  6451 | D:7      | Found an ornate altar of the Wu Jian Council.
  6508 | D:7      | Found a sacrificial altar of Ru.
  6867 | D:8      | Reached skill level 7 in Earth Magic
  7198 | D:8      | Noticed Erica
  7205 | D:8      | Killed Erica
  7206 | D:8      | Reached skill level 5 in Dodging
  7433 | D:8      | Found a shimmering blue altar of Sif Muna.
  7545 | D:8      | Found Xuetie's Antique Weapon Boutique.
  7613 | D:5      | Bought a pair of gloves for 121 gold pieces
  7685 | D:9      | Noticed a two-headed ogre
  7689 | D:9      | Reached skill level 8 in Earth Magic
  7689 | D:9      | Reached XP level 10. HP: 58/58 MP: 8/18
  7986 | D:9      | Reached skill level 5 in Fighting
  8065 | D:9      | Found a staircase to the Lair.
  8418 | D:9      | Killed a two-headed ogre
  8978 | D:9      | Reached skill level 9 in Earth Magic
  9180 | D:9      | Found a hazy altar of Hepliaklqana.
  9294 | D:9      | Found a radiant altar of Vehumet.
  9306 | D:9      | Found a basalt altar of Yredelemnul.
  9313 | D:9      | Became a worshipper of Vehumet
  9441 | D:9      | Learned a level 4 spell: Brom's Barrelling Boulder
  9457 | D:10     | Entered Level 10 of the Dungeon
  9602 | D:10     | Reached skill level 1 in Fire Magic
  9632 | D:10     | Reached XP level 11. HP: 64/64 MP: 11/21
 10444 | D:10     | Reached skill level 10 in Earth Magic
 11032 | D:11     | Reached * piety under Vehumet
 11032 | D:11     | Offered knowledge of Freeze by Vehumet.
 11524 | D:11     | Noticed a cyan ugly thing
 11529 | D:11     | Killed a cyan ugly thing
 12324 | D:12     | Noticed a cyclops
 12329 | D:12     | Killed a cyclops
 12488 | D:12     | Noticed a six-headed hydra
 12493 | D:12     | Killed a six-headed hydra
 12494 | D:12     | Reached skill level 11 in Earth Magic
 12743 | D:12     | Noticed a manticore
 12748 | D:12     | Killed a manticore
 12749 | D:12     | Reached skill level 5 in Fire Magic
 12969 | D:12     | Found the +5 glaive of the Guard {elec, spectral}
 12969 | D:12     | Noticed a death knight
 12969 | D:12     | Noticed a boulder beetle
 12969 | D:12     | Noticed a rakshasa
 12969 | D:12     | Noticed a manticore
 12970 | D:12     | Noticed a wizard
 12973 | D:12     | Noticed a deep elf zephyrmancer
 12978 | D:12     | Killed a manticore
 13143 | Lair:1   | Entered Level 1 of the Lair of Beasts
 13538 | Lair:1   | Offered knowledge of Shock by Vehumet.
 13539 | Lair:1   | Reached XP level 12. HP: 53/70 MP: 16/22
 13669 | Lair:1   | Reached ** piety under Vehumet
 13984 | Lair:1   | Reached skill level 10 in Conjurations
 13991 | Lair:1   | Reached skill level 12 in Earth Magic
 14517 | Lair:1   | Noticed a skyshark
 14873 | Lair:1   | Killed a skyshark
 15507 | Lair:1   | Identified the amulet of Malirgho {Regen+ Str-5 Int+6
                  | Slay+3}
 15755 | Lair:1   | Offered knowledge of Mephitic Cloud by Vehumet.
 15945 | Lair:2   | Noticed an eight-headed hydra
 15959 | Lair:2   | HP: 2/71 [eight-headed hydra (8)]
 15959 | Lair:2   | Slain by an eight-headed hydra

Illustrated notes

Levels and vault maps discovered:
D:1:      dreamdust_arrival_beginning_and_end, layout_loops_ring
D:2:      layout_basic
D:3:      layout_loops_corners, mainiacjoe_overflow_24_doors,
          mainiacjoe_overflow_swirl, nicolae_dithmenos_through_a_glass_darkly,
          mainiacjoe_overflow_cross_hatched, serial_shops, shop,
          shapermc_ecumenical_altar_venn, guppyfry_early_lair_pool
D:4:      layout_basic, minmay_circle_x
D:5:      layout_loops_ring, lemuel_doored_altar, gup_sewer_entry_bowl,
          serial_shops, nicolae_shop_just_a_little_nook, nicolae_shop_waterfront
D:6:      layout_loops_ring, general_overflow_altar, minmay_temple_entry_slanted
D:7:      layout_cave_pools, mainiacjoe_overflow_concentric_impassable,
          mainiacjoe_overflow_alcove_4, kennysheep_mini,
          nicolae_overflow_crystal_walls, nicolae_overflow_hidden_temple,
          glass_columns_b, uniq_joseph
D:8:      layout_rooms, tgw_sif, serial_shops, nicolae_diamond_shop, uniq_erica
D:9:      layout_cave_pools, overflow_temple_1_default,
          amethyst_overflow_temple_binary, due_lair_maze_entry_diamond
D:10:     layout_basic, serial_curves, eino_curves_01, eino_curves_03,
          eino_curves_02
D:11:     cheibrodos_magma_flow, layout_basic
D:12:     minmay_the_grid_triangle_9x9_recursive_2
          [minmay_the_grid_triangle_9x9_prize_top_heavy,
          minmay_the_grid_triangle_9x9_shrine,
          minmay_the_grid_triangle_9x9_longest,
          minmay_the_grid_triangle_9x9_odd_lines], layout_cave_pools,
          orc_0_dummy
Temple:   hellmonk_temple_beads
Lair:1:   layout_gridlike, nzn_random_ring
Lair:2:   layout_regular_city, palyth_hydra_swamp_entry,
          minmay_snake_entry_six_corridors, evilmike_ambush
          [evilmike_ambush_outer_pillars, evilmike_ambush_inner_basic],
          lemuel_fruit_fields, serial_bayou_shore_b

Skill      XL: |  1  2  3  4  5  6  7  8  9 10 11 12 |
---------------+-------------------------------------+-----
Transmutations | 1 2 3 4 |  4.0
Conjurations   | 1 2 3 5 6 7 9 11 | 11.1
Fighting       | 1 2 3 4 6 |  6.3
Dodging        | 2 3 4 5 6 |  6.1
Earth Magic    | 4 5 6 8 9 11 12 | 12.9
Spellcasting   | 3 4 5 7 |  7.0
Stealth        | 3 4 |  4.0
Fire Magic     | 1 5 7 |  7.7

Action                     |  1- 3 |  4- 6 |  7- 9 | 10-12 || total
---------------------------+-------+-------+-------+-------++-------
  Melee: Unarmed           |    12 |       |       |       ||    12
         Dagger            |       |     3 |    16 |    55 ||    74
   Cast: Sandblast         |    58 |    92 |   115 |    81 ||   346
         Stone Arrow       |       |       |    22 |   267 ||   289
         Brom's Barrelling |       |       |       |     5 ||     5
  Evoke: Wand              |       |       |     1 |     7 ||     8
    Use: Potion            |     1 |     2 |     4 |     5 ||    12
         Scroll            |       |     6 |     9 |     7 ||    22
 Armour: Robe              |    19 |    21 |   134 |   250 ||   424
  Dodge: Dodged            |    27 |    52 |    90 |   273 ||   442
  Block: Other             |       |       |       |    36 ||    36
         Reflection        |       |       |       |     1 ||     1

Table legend: (Time is in decaauts)
 A = Elapsed time spent in this place.
 B = Non-inter-level travel time spent in this place.
 C = Inter-level travel time spent in this place.
 D = Time resting spent in this place.
 E = Time spent auto-exploring this place.
 F = Levels seen in this place.
 G = Mean time per level.
                   A        B        C        D        E       F      G
               +--------+--------+--------+--------+--------+-----+--------+
         Total |  16179 |  15734 |    445 |   3045 |  10323 |  16 | 1011.2 |
       Dungeon |  13160 |  12753 |    407 |   2448 |   8494 |  12 | 1096.7 |
        Temple |      1 |      1 |      0 |      0 |      0 |   1 |    1.0 |
          Lair |   2569 |   2532 |     37 |    470 |   1675 |   2 | 1284.5 |
         Sewer |    446 |    446 |      0 |    127 |    153 |   1 |  446.0 |
               +--------+--------+--------+--------+--------+-----+--------+

Top non-repeatable levels by time:
  Lair:1: 2475 daAuts
     D:9: 1670 daAuts
    D:10: 1456 daAuts
    D:11: 1449 daAuts
     D:8: 1415 daAuts
     D:3: 1196 daAuts
     D:5: 1128 daAuts
     D:6: 1014 daAuts
     D:1: 1011 daAuts
     D:4: 854 daAuts
     D:7: 683 daAuts
    D:12: 642 daAuts
     D:2: 639 daAuts
   Sewer: 446 daAuts
  Lair:2: 94 daAuts
